 Dungeon Crawl Stone Soup version 0.17.1-3-g152610e (webtiles) character file.

450 Gargoyl the Skirmisher (level 6, -4/48 HPs)
             Began as a Demonspawn Abyssal Knight on Apr 6, 2016.
             Was a Believer of Lugonu.
             Killed by Olgreb's Toxic Radiance
             ... invoked by GFox's ghost
              (10 damage)
             ... on level 5 of the Dungeon.
             The game lasted 00:07:25 (4541 turns).

Gargoyl the Skirmisher (Demonspawn Abyssal Knight)  Turns: 4541, Time: 00:07:25

Health: -4/48      AC: 13    Str: 14    XL:     6   Next: 74%
Magic:  17/17      EV: 18    Int: 14    God:    Lugonu [**....]
Gold:   172        SH:  0    Dex: 11    Spells: 0 memorised, 5 levels left

rFire  . . .     SeeInvis .     a - +1 hand axe
rCold  . . .     Clarity  .     w - +0 ring mail
rNeg   . . .     SustAt   .     (no shield)
rPois  .         Gourm    .     j - +0 helmet
rElec  .         Spirit   .     (no cloak)
rCorr  .         Warding  .     (no gloves)
rMut   .         Stasis   .     v - +2 pair of boots
MR     .....                    (no amulet)
Stlth  +.........               s - +6 ring of evasion
                                d - ring of magical power

@: lethally poisoned (-4 -> -29), not resistant to hostile enchantments, very
unstealthy
A: hooves 1, rough black scales 1, demonic guardian 1
a: Depart the Abyss, Bend Space, Renounce Religion


You were on level 5 of the Dungeon.
You worshipped Lugonu.
Lugonu was pleased with you.
You were hungry.

You visited 1 branch of the dungeon, and saw 5 of its levels.
You visited the Abyss 1 time.

You collected 172 gold pieces.

Inventory:

Hand Weapons
 a - a +1 hand axe (weapon)
 x - a +0 flail
Armour
 j - a +0 helmet (worn)
 v - a +2 pair of boots (worn)
 w - a +0 ring mail (worn)
Jewellery
 d - a ring of magical power (left hand)
 s - a +6 ring of evasion (right hand)
Wands
 t - a wand of cold (2)
Scrolls
 b - a scroll of holy word {unknown}
 e - a scroll of random uselessness {unknown}
 f - a scroll of magic mapping {unknown}
 k - a scroll of noise {unknown}
 m - 4 scrolls of identify {unknown}
 n - 3 scrolls of remove curse {unknown}
 o - a scroll of fear {unknown}
 q - a scroll of amnesia {unknown}
 r - a scroll of recharging {unknown}
Potions
 g - 2 potions of curing
 i - 2 potions of invisibility
 l - a potion of flight
 u - a potion of beneficial mutation {unknown}
Comestibles
 c - 2 bread rations
 h - 3 meat rations
 p - a slice of pizza


   Skills:
 + Level 4.2 Fighting
 + Level 3.2 Axes
 * Level 3.1 Armour
 + Level 3.9 Dodging
 + Level 0.8 Stealth
 + Level 2.9 Invocations
 + Level 0.2 Evocations


You had 5 spell levels left.
You didn't know any spells.

Dungeon Overview and Level Annotations

Branches:
Dungeon (5/15)             Temple (0/1) D:4

Altars:
Cheibriados
Elyvilon
Sif Muna
Yredelemnul

Annotations:
D:3 Terence; kirsanium's ghost, amateur FoFi
D:5 GFox's ghost, novice OpVM


Innate Abilities, Weirdness & Mutations

You have large cloven feet.
You are partially covered in rough black scales (AC +4, Dex -1).
A weak demonic guardian rushes to your aid.


Message History

You feel less confused.
You are more poisoned.
You feel sick.
You are more poisoned.
You hit GFox's ghost but do no damage.
You feel sick.
You are more poisoned.
GFox's ghost hits you but does no damage.
Your crimson imp misses GFox's ghost.
GFox's ghost closely misses you.
Okay, then.
You feel sick.
* * * LOW HITPOINT WARNING * * *
You are more poisoned.
GFox's ghost casts a spell at you.
The ball explodes into a vile cloud!
The stinking cloud engulfs you!
The stinking cloud engulfs your crimson imp.
The stinking cloud engulfs your iron imp.
The stinking cloud engulfs GFox's ghost.
* * * LOW HITPOINT WARNING * * *
You feel very sick.
You die...

#####################
....................#
#...#...#...#.......#
....................#
#...#...#...#.......#
...................)#
#############(.5@...#
#...###..§§...##
#.......5W§....#
#..####.5#.#.#.# #
#..........
.........###
##.....[..#
.......### ........#


You could see GFox's ghost, a friendly iron imp and 2 friendly crimson imps.

Vanquished Creatures
  2 scorpions (D:4)
  2 crimson imps (D:5)
  A hound (D:4)
  A worker ant (D:4)
  An orc wizard (D:4)
  7 adders
  3 gnolls (D:2)
  2 oozes
  An adder skeleton (D:4)
  4 worms
  An orc (D:4)
  2 ball pythons
  3 bats
  4 giant cockroaches
  7 hobgoblins
  6 jackals
  2 kobolds
  4 quokkas
  4 giant newts
  8 goblins
  7 rats
72 creatures vanquished.

Vanquished Creatures (collateral kills)
  2 worker ants (D:4)
  An adder (D:4)
3 creatures vanquished.

Grand Total: 75 creatures vanquished

Notes
Turn   | Place    | Note
--------------------------------------------------------------
     0 | Abyss:1  | Gargoyl the Demonspawn Abyssal Knight began the quest for the Orb.
     0 | Abyss:1  | Reached XP level 1. HP: 18/18 MP: 2/2
    62 | Abyss:1  | Noticed a quasit
    66 | D:1      | Escaped the Abyss
   246 | D:1      | Gained mutation: You have large cloven feet. [demonic ancestry]
   246 | D:1      | Reached XP level 2. HP: 13/24 MP: 3/3
   820 | D:1      | Reached * piety under Lugonu
  1164 | D:2      | Gained mutation: A weak demonic guardian rushes to your aid. [demonic ancestry]
  1164 | D:2      | Reached XP level 3. HP: 29/29 MP: 5/5
  1167 | D:2      | Reached skill level 1 in Dodging
  1679 | D:2      | Reached XP level 4. HP: 35/37 MP: 6/6
  1891 | D:2      | Reached ** piety under Lugonu
  2809 | D:3      | Noticed kirsanium's ghost (amateur FoFi)
  2820 | D:3      | Noticed Terence
  3270 | D:4      | Reached skill level 4 in Fighting
  3270 | D:4      | Gained mutation: You are partially covered in rough black scales (AC +4, Dex -1). [demonic ancestry]
  3270 | D:4      | Reached XP level 5. HP: 38/42 MP: 7/7
  3667 | D:4      | Reached XP level 6. HP: 26/48 MP: 8/8
  3984 | D:4      | Found a staircase to the Ecumenical Temple.
  4087 | D:4      | Found a white marble altar of Elyvilon.
  4141 | D:4      | Found a basalt altar of Yredelemnul.
  4353 | D:4      | Found a snail-covered altar of Cheibriados.
  4435 | D:5      | Entered Level 5 of the Dungeon
  4521 | D:5      | Found a deep blue altar of Sif Muna.
  4533 | D:5      | Noticed GFox's ghost (novice OpVM)
  4541 | D:5      | Killed from afar by GFox's ghost

Action                   |  1- 3 |  4- 6 || total
-------------------------+-------+-------++-------
Melee: Hand axe          |    96 |   269 ||   365
Invok: Depart the Abyss  |     1 |       ||     1
Evoke: Wand              |       |     1 ||     1
  Use: Potion            |       |     5 ||     5
 Stab: Distracted        |       |     1 ||     1
  Eat: Bread ration      |     1 |     1 ||     2
       Chunk             |       |     3 ||     3
